 Dungeon Crawl Stone Soup version 0.16.2-12-gd0ad4c3 (webtiles) character file.

142110 faibistes the Eclecticist (level 16, -4/96 HPs)
             Began as a Deep Elf Wizard on Mar 24, 2019.
             Was the Champion of Sif Muna.
             Slain by a salamander
             ... wielding a +0 glaive
              (19 damage)
             ... on level 2 of the Snake Pit on Mar 26, 2019.
             The game lasted 03:40:05 (53072 turns).

faibistes the Eclecticist (Deep Elf Wizard)        Turns: 53072, Time: 03:40:07

Health: -4/96      AC: 12    Str:  4    XL:     16   Next: 79%
Magic:  24/50      EV: 17    Int: 33    God:    Sif Muna [******]
Gold:   876        SH:  0    Dex: 13    Spells: 11 memorised, 5 levels left

rFire  . . .     SeeInvis .     w - +7 dagger of Bodily Humours {pain, rPois Int+2}
rCold  . . .     Clarity  .     B - +2 robe {Archmagi}
rNeg   + . .     SustAb   .     (no shield)
rPois  +         Gourm    .     M - +1 hat {MR+}
rElec  .         Spirit   .     z - +2 cloak
rCorr  .         Warding  +     R - +1 pair of gloves
rMut   .         Stasis   .     J - +1 pair of boots
MR     ++...                    O - amulet of warding
Stlth  ++........               N - ring of wizardry
                                v - ring of magical power

@: lethally poisoned (-4 -> -9), deflect missiles, very resistant to hostile
enchantments, unstealthy
A: no striking features
a: Channel Energy, Forget Spell, Renounce Religion


You were on level 2 of the Snake Pit.
You worshipped Sif Muna.
Sif Muna was exalted by your worship.
You were not hungry.

You visited 6 branches of the dungeon, and saw 31 of its levels.
You also visited: Ossuary.

You collected 2978 gold pieces.
You spent 2102 gold pieces at shops.

Inventory:

Hand weapons
 w - the +7 dagger of Bodily Humours (weapon) {pain, rPois Int+2}
   (You took it off a deep elf knight on level 1 of the Elven Halls)

   In the hands of one skilled in necromantic magic, it inflicts extra damage on
   living creatures.
   It affects your intelligence (+2).
   It protects you from poison.
Armour
 z - a +2 cloak (worn)
 B - a +2 robe of the Archmagi (worn)
 J - a +1 pair of boots (worn)
 M - a +1 hat of magic resistance (worn)
 R - a +1 pair of gloves (worn)
 U - the +1 helmet of the Gloaming {rN+}
   (You found it on level 9 of the Dungeon)

   It protects you from negative energy.
Magical staves
 S - an uncursed staff of air
 V - an uncursed staff of cold
Jewellery
 v - a ring of magical power (left hand)
 N - a ring of wizardry (right hand)
 O - an amulet of warding (around neck)
 X - an uncursed ring of fire
Magical devices
 a - a wand of fireball (4)
 b - a wand of lightning (5)
 e - a wand of polymorph (1)
 j - a wand of slowing (27)
 q - a wand of digging (11)
 s - a wand of lightning (2)
 u - a wand of digging (8)
 F - a wand of fireball (6)
 Z - a wand of paralysis (10)
Scrolls
 g - 3 scrolls of blinking
 l - 20 scrolls of remove curse
 x - 5 scrolls of fear
 y - 3 scrolls of fog
 D - a scroll of recharging
 H - 6 scrolls of magic mapping
 I - 3 scrolls of teleportation
 L - 2 scrolls of immolation
 P - 2 scrolls of amnesia
 Q - 15 scrolls of identify
Potions
 h - 4 potions of flight
 k - a potion of lignification
 m - 6 potions of resistance
 n - 10 potions of curing
 o - 2 potions of restore abilities
 r - 6 potions of brilliance
 t - 5 potions of ambrosia
 A - 4 potions of magic
 E - 3 potions of haste
 G - a potion of heal wounds
 W - 3 potions of cancellation
Books
 c - a book of Callings

   Spells                             Type                      Level
   a - Summon Small Mammal            Summoning                    1
   b - Call Imp                       Summoning                    2
   c - Call Canine Familiar           Summoning                    3
   d - Summon Guardian Golem          Hexes/Summoning              4
   e - Summon Lightning Spire         Summoning/Air                4
   f - Summon Ice Beast               Ice/Summoning                4
Miscellaneous
 K - a lamp of fire
Comestibles
 d - 15 bread rations
 f - 11 royal jellies
 i - a poisonous chunk of flesh
 p - 10 meat rations


   Skills:
 + Level 9.0 Fighting
 - Level 10.1 Dodging
 - Level 2.4 Stealth
 * Level 17.5 Spellcasting
 + Level 11.1 Conjurations
 * Level 7.9 Charms
   Level 5.0 Summonings
 - Level 7.0 Translocations
 - Level 3.0 Transmutations
 + Level 11.1 Fire Magic
 - Level 4.3 Air Magic
 * Level 11.0 Earth Magic
 - Level 3.7 Poison Magic
 - Level 11.2 Invocations
 - Level 9.7 Evocations


You had 5 spell levels left.
You knew the following spells:

 Your Spells              Type           Power        Failure   Level  Hunger
a - Magic Dart            Conj           ####         0%          1    None
b - Conjure Flame         Conj/Fire      ########     1%          3    None
c - Iskenderun's Battles  Conj/Chrm      #######.     1%          5    None
d - Blink                 Tloc           N/A          1%          2    None
e - Mephitic Cloud        Conj/Pois/Air  #######.     1%          3    None
f - Deflect Missiles      Chrm/Air       #######...   7%          6    None
i - Ignite Poison         Fire/Trmt      #######...   1%          5    None
l - Lee's Rapid Deconstr  Erth           ########..   1%          5    None
v - Bolt of Fire          Conj/Fire      ########..   1%          6    None
x - Force Lance           Conj/Tloc      #######.     1%          4    None
z - Fireball              Conj/Fire      ########..   1%          5    None


Dungeon Overview and Level Annotations

Branches:
Dungeon (13/15)            Temple (1/1) D:6            Lair (8/8) D:9
 Shoals (0/5) Lair:6        Snake (3/5) Lair:6        Slime (0/6) Lair:6
    Orc (4/4) D:11            Elf (2/3) Orc:3
 Vaults: D:13-14

Altars:
Ashenzari
Cheibriados
Dithmenos
Elyvilon
Fedhas
Gozag
Kikubaaqudgha
Makhleb
Nemelex Xobeh
Okawaru
Qazlal
Ru
Sif Muna
Trog
Vehumet
Xom
Yredelemnul
Zin
The Shining One
Beogh

Shops:
D:8 :   Orc:4 ?%(([   Elf:1 !%

Annotations:
Elf:2 2 runed doors


Message History

You ignite the poison in your surroundings!
The naga warrior seems to burn from within!
The naga warrior is heavily wounded.
The naga seems to burn from within!
You kill the naga!
The black mamba seems to burn from within!
You kill the black mamba!
You feel sick.
The naga warrior hits you with a halberd.
The naga warrior misses you. The salamander hits you with a glaive.
You are engulfed in flames!
The guardian serpent hits you!!
* * * LOW HITPOINT WARNING * * *
Casting: Ignite Poison
Confirm with . or Enter, or press ? or * to list all spells.
You feel a surge of power!
You blink.
You feel sick.
The naga warrior hits you from afar with a halberd.
* * * LOW HITPOINT WARNING * * *
The guardian serpent closely misses you.
The salamander hits you with a glaive!!
You die...

. #####.## .# #.....#
.# #.###. #####.#
...####.... #.#
......#....## ##.#
..§.......# #..#
....... .# #..# #...#
...# #..# #@.#
#...### #..# #NS##
#....###..# ##§N#
#........## ##).##
#..........
##....####....####.
#......###..### .
#.......#...#
#..........##
###########...#.....#


You could see a naga warrior, a salamander and a guardian serpent.

Vanquished Creatures
  An orc warlord (Orc:4)
  Gastronok (D:9)
  A deep elf demonologist (Elf:2)
  3 naga warriors
  14 hydras
  4 catoblepae
  2 centaur warriors
  Erica (Lair:1)
  An anaconda (Snake:2)
  18 dancing weapons
  An orc high priest (Elf:1)
  20 death yaks
  A naga sharpshooter (Snake:2)
  A salamander mystic (Snake:2)
  22 deep elf knights
  An unseen horror (D:11)
  6 deep elf summoners
  2 naga ritualists (Snake:2)
  2 ugly things
  An orc knight (Orc:1)
  4 orc sorcerers
  2 hill giants
  3 mana vipers
  14 deep elf conjurers
  3 manticores
  26 black mambas
  2 centaur zombies (D:11)
  The ghost of faibistes the Thaumaturge, an experienced DEWz (D:9)
  3 griffons
  2 salamanders
  An orange demon (Elf:1)
  5 elephants
  5 naga magi
  Psyche (D:9)
  3 komodo dragons
  27 spiny frogs
  A fire drake (Lair:8)
  11 deep elf priests
  2 two-headed ogres
  8 trolls
  Sonja (Snake:1)
  Prince Ribbit (D:6)
  4 slime creatures (D:12)
  23 blink frogs
  A queen bee (Lair:1)
  6 basilisks
  A basilisk (shapeshifter) (Elf:2)
  A wraith (D:12)
  A spriggan (D:7)
  2 wyverns
  17 deep elf magi
  A trapdoor spider (D:12)
  3 fire bats (Orc:1)
  Eustachio (D:9)
  63 yaks
  A hungry ghost (D:10)
  14 hippogriffs
  18 deep elf fighters
  8 nagas
  A warg (Orc:3)
  23 water moccasins
  36 orc warriors
  8 porcupines
  22 ogres
  3 ice beasts
  2 black bears
  A phantom (D:7)
  A wasp (D:11)
  A boring beetle (Lair:5)
  7 centaurs
  17 crocodiles
  4 big kobolds
  4 water moccasin zombies (Ossuary)
  14 giant frogs
  A scorpion (Lair:4)
  A water moccasin skeleton (D:11)
  2 electric eels
  39 killer bees
  3 goliath beetles (D:10)
  8 wights
  2 giant frog zombies (D:11)
  The ghost of faibistes the Magician, a weakling DEWz (D:3)
  5 crimson imps
  10 hounds
  11 jellies
  2 giant frog skeletons
  33 orc priests
  4 gnoll shamans (D:6)
  2 centaur skeletons
  11 iguanas
  40 orc wizards
  6 worker ants
  22 sheep
  3 big kobold zombies (Ossuary)
  2 killer bee zombies
  Terence (D:2)
  2 mummies (Ossuary)
  A worker ant zombie (D:9)
  32 adders
  30 gnolls
  31 river rats
  7 shadow imps
  4 giant mites
  5 worms
  4 adder zombies
  5 giant geckos
  6 oozes
  205 orcs
  6 ball pythons
  20 bats
  A bat skeleton (D:6)
  A bat zombie (D:7)
  4 giant cockroaches
  20 hobgoblins
  26 jackals
  12 quokkas
  9 giant newts
  2 giant spores (D:9)
  5 gnoll zombies (Ossuary)
  20 goblins
  9 hobgoblin zombies (Ossuary)
  A jackal skeleton (D:4)
  36 kobolds
  2 kobold zombies (Ossuary)
  An orc skeleton (Orc:4)
  15 orc zombies
  A quokka skeleton (D:5)
  17 rats
  3 ballistomycetes (D:9)
  5 fungi
  6 plants
  A snaplasher vine (Lair:2)
1302 creatures vanquished.

Vanquished Creatures (collateral kills)
  2 yaks (Lair:2)
  A killer bee (Lair:1)
  A hound (D:4)
  2 worker ants
  A gnoll (D:6)
  4 river rats (Lair:2)
  A giant gecko (D:2)
  2 orcs (D:9)
  A hobgoblin (D:2)
  A kobold (D:2)
  2 plants (Lair:2)
18 creatures vanquished.

Vanquished Creatures (others)
  A killer bee (Lair:1)
  A hound (D:9)
  3 sheep (Lair:6)
  An adder (Lair:6)
  An adder zombie (Ossuary)
  A giant spore (D:12)
  49 fungi
  56 plants
  104 snaplasher vine segments (Lair:2)
217 creatures vanquished.

Grand Total: 1537 creatures vanquished

Notes
Turn   | Place    | Note
--------------------------------------------------------------
     0 | D:1      | faibistes, the Deep Elf Wizard, began the quest for the Orb.
     0 | D:1      | Reached XP level 1. HP: 10/10 MP: 6/6
   241 | D:1      | Reached XP level 2. HP: 15/15 MP: 2/10
   447 | D:1      | Learned a level 2 spell: Blink
   450 | D:1      | Learned a level 2 spell: Call Imp
  1009 | D:1      | Reached skill level 5 in Spellcasting
  1173 | D:4      | Reached XP level 3. HP: 11/19 MP: 6/14
  1178 | D:4      | Learned a level 3 spell: Conjure Flame
  1182 | D:4      | Learned a level 3 spell: Mephitic Cloud
  1346 | D:4      | Found a sand-covered staircase.
  1355 | Ossuary  | Entered an ossuary
  1596 | Ossuary  | Reached XP level 4. HP: 24/24 MP: 9/17
  1705 | Ossuary  | Reached XP level 5. HP: 8/28 MP: 10/20
  1963 | Ossuary  | Learned a level 2 spell: Repel Missiles
  1983 | Ossuary  | Reached skill level 6 in Spellcasting
  2418 | Ossuary  | Reached XP level 6. HP: 22/32 MP: 5/22
  2659 | D:4      | Reached skill level 7 in Spellcasting
  3064 | D:2      | Noticed Terence
  3081 | D:2      | Killed Terence
  3134 | D:2      | Reached skill level 1 in Fighting
  3304 | D:2      | Found a white marble altar of Elyvilon.
  4124 | D:3      | Reached XP level 7. HP: 37/39 MP: 11/25
  4350 | D:3      | Noticed faibistes' ghost (weakling DEWz)
  4357 | D:3      | Found a glowing golden altar of the Shining One.
  4379 | D:3      | Killed faibistes' ghost
  4590 | D:3      | Found an opulent altar of Gozag.
  5098 | D:5      | Entered Level 5 of the Dungeon
  5117 | D:6      | Found a staircase to the Ecumenical Temple.
  5122 | Temple   | Entered the Ecumenical Temple
  5270 | D:5      | Reached skill level 5 in Dodging
  5922 | D:5      | Reached skill level 8 in Spellcasting
  6717 | D:5      | Reached XP level 8. HP: 41/46 MP: 20/28
  6802 | D:5      | Reached skill level 9 in Spellcasting
  7350 | D:6      | Found a shadowy altar of Dithmenos.
  7350 | D:6      | Found a stormy altar of Qazlal.
  7772 | D:6      | Found a deep blue altar of Sif Muna.
  7775 | D:6      | Became a worshipper of Sif Muna the Loreminder
  7960 | D:6      | Noticed Prince Ribbit
  7966 | D:6      | Killed Prince Ribbit
  7966 | D:6      | Reached skill level 1 in Fire Magic
  7966 | D:6      | Reached skill level 1 in Air Magic
  8160 | D:6      | Reached skill level 1 in Poison Magic
  8612 | D:6      | Acquired Sif Muna's first power
  9088 | D:6      | Reached XP level 9. HP: 52/52 MP: 16/30
 10218 | D:8      | Noticed a hill giant
 10225 | D:8      | Killed a hill giant
 10225 | D:8      | Reached skill level 10 in Spellcasting
 10225 | D:8      | Reached skill level 5 in Conjurations
 10375 | D:7      | Acquired Sif Muna's second power
 10375 | D:7      | Reached skill level 5 in Fighting
 12137 | D:8      | Found Hacvip's Book Shoppe.
 12185 | D:8      | Reached skill level 1 in Evocations
 12283 | D:8      | Reached skill level 1 in Invocations
 12361 | D:8      | Reached skill level 1 in Charms
 12420 | D:8      | Reached XP level 10. HP: 52/59 MP: 8/32
 12900 | D:8      | Found a basalt altar of Yredelemnul.
 13019 | D:9      | Noticed Eustachio
 13046 | D:9      | Noticed faibistes' ghost (experienced DEWz)
 13086 | D:9      | Killed faibistes' ghost
 13133 | D:9      | Killed Eustachio
 13133 | D:9      | Reached skill level 11 in Spellcasting
 13597 | D:10     | Entered Level 10 of the Dungeon
 13938 | D:9      | Got a spiked helmet
 13949 | D:9      | Identified the +1 helmet of the Gloaming {rN+} (You found it on level 9 of the Dungeon)
 14699 | D:10     | Noticed a hill giant
 14706 | D:10     | Killed a hill giant
 14911 | D:10     | Acquired Sif Muna's third power
 14911 | D:10     | Reached skill level 5 in Fire Magic
 15077 | D:11     | Noticed a red ugly thing
 15089 | D:11     | Killed a green ugly thing
 15541 | D:11     | Reached XP level 11. HP: 44/64 MP: 14/33
 16150 | D:10     | Found a staircase to the Lair.
 16281 | D:10     | Noticed an elephant
 16291 | D:10     | Killed an elephant
 16291 | D:10     | Reached skill level 12 in Spellcasting
 16581 | D:11     | Found a staircase to the Orcish Mines.
 17342 | D:11     | Killed an unseen horror
 18109 | Orc:1    | Entered Level 1 of the Orcish Mines
 18384 | Orc:1    | Reached skill level 5 in Charms
 18384 | Orc:1    | Reached skill level 5 in Invocations
 20317 | D:8      | Bought a Fen Folio for 825 gold pieces
 20321 | D:8      | Learned a level 3 spell: Stone Arrow
 20327 | D:8      | Learned a level 5 spell: Summon Forest
 20553 | D:12     | Reached XP level 12. HP: 69/71 MP: 8/35
 20600 | D:12     | Reached skill level 1 in Earth Magic
 21059 | D:12     | Noticed a seven-headed hydra
 21081 | D:12     | Killed a seven-headed hydra
 21225 | D:12     | Received a gift from Sif Muna
 21225 | D:12     | Reached skill level 5 in Translocations
 21332 | D:12     | Identified Sif Muna's Papyrus of Dislocated Attacks (Sif Muna gifted it to you on level 12 of the Dungeon)
 21339 | D:12     | Learned a level 5 spell: Bolt of Magma
 21344 | D:12     | Learned a level 4 spell: Force Lance
 21728 | D:12     | Reached skill level 5 in Evocations
 22102 | D:13     | Noticed a centaur warrior
 22107 | D:13     | Killed a centaur warrior
 22246 | D:12     | Found a shimmering altar of Xom.
 22365 | D:13     | Reached skill level 13 in Spellcasting
 23366 | D:9      | Noticed Gastronok
 23379 | D:9      | Killed Gastronok
 23591 | D:9      | Found a sparkling altar of Nemelex Xobeh.
 23591 | D:9      | Noticed Psyche
 23593 | D:9      | Killed Psyche
 23770 | D:9      | Noticed a komodo dragon
 23777 | D:9      | Killed a komodo dragon
 23837 | D:9      | Found a staircase to the Lair.
 24540 | Lair:1   | Entered Level 1 of the Lair of Beasts
 24637 | Lair:1   | Noticed Erica
 24640 | Lair:1   | Killed Erica
 25966 | Lair:1   | Reached XP level 13. HP: 76/76 MP: 35/36
 26209 | Lair:1   | Noticed an eight-headed hydra
 26219 | Lair:1   | Killed an eight-headed hydra
 27260 | Lair:2   | Reached skill level 5 in Earth Magic
 27269 | Lair:2   | Received a gift from Sif Muna
 27299 | Lair:2   | Learned a level 4 spell: Iskenderun's Mystic Blast
 27305 | Lair:2   | Learned a level 5 spell: Iskenderun's Battlesphere
 28196 | Lair:3   | Identified the Grimoire of Orientation
 28276 | Lair:3   | Reached skill level 5 in Summonings
 29237 | Lair:4   | Learned a level 5 spell: Fireball
 29288 | Lair:2   | Learned a level 5 spell: Ignite Poison
 29809 | Lair:5   | Found a bloodstained altar of Trog.
 30079 | Lair:5   | Reached skill level 1 in Transmutations
 30845 | Lair:5   | Reached skill level 14 in Spellcasting
 31365 | Lair:6   | Found a staircase to the Shoals.
 31661 | Lair:6   | Reached XP level 14. HP: 82/82 MP: 27/38
 31728 | Lair:6   | Found a staircase to the Snake Pit.
 31947 | Lair:6   | Found a staircase to the Slime Pits.
 32396 | Lair:6   | Found a shimmering altar of Xom.
 32988 | Lair:7   | Received a gift from Sif Muna
 32989 | Lair:7   | Identified Sif Muna's Tome of Augmentations (Sif Muna gifted it to you on level 7 of the Lair of Beasts)
 33646 | Lair:8   | Entered Level 8 of the Lair of Beasts
 34222 | Lair:7   | Got a bloodstained whip
 34223 | Lair:7   | Identified the +7 whip "Lausaj" {elec, +Rage} (You found it on level 7 of the Lair of Beasts)
 34337 | Lair:8   | Reached skill level 10 in Dodging
 36102 | Lair:2   | Learned a level 6 spell: Bolt of Fire
 36185 | D:8      | Bought a book of Burglary for 825 gold pieces
 36191 | D:8      | Learned a level 5 spell: Lee's Rapid Deconstruction
 36790 | Lair:8   | Reached skill level 15 in Spellcasting
 37347 | Lair:8   | Received a gift from Sif Muna
 37348 | Lair:8   | Identified Sif Muna's Grimoire of Confrontation (Sif Muna gifted it to you on level 8 of the Lair of Beasts)
 37653 | Lair:8   | Reached skill level 10 in Invocations
 37876 | Lair:8   | Reached XP level 15. HP: 88/88 MP: 24/39
 39765 | Lair:2   | Learned a level 6 spell: Deflect Missiles
 40219 | Orc:1    | Found a roughly hewn altar of Beogh.
 41227 | Orc:3    | Found a staircase to the Elven Halls.
 41299 | Orc:4    | Entered Level 4 of the Orcish Mines
 42825 | Orc:4    | Found a roughly hewn altar of Beogh.
 43817 | Orc:4    | Found a roughly hewn altar of Beogh.
 43863 | Orc:4    | Found Olemaim's Food Shop.
 44381 | Orc:4    | Found a roughly hewn altar of Beogh.
 44385 | Orc:4    | Found Haebb's Antique Weapon Emporium.
 44410 | Orc:4    | Found Suddy Luuwu's Antique Armour Shoppe.
 44429 | Orc:4    | Bought a glowing helmet for 148 gold pieces
 44509 | Orc:4    | Found a roughly hewn altar of Beogh.
 44512 | Orc:4    | Found Klywoasosa's Antique Weapon Boutique.
 44643 | Orc:4    | Found a roughly hewn altar of Beogh.
 44822 | Orc:4    | Found Qawi's Magic Scroll Emporium.
 44830 | Orc:4    | Bought a scroll of fear for 45 gold pieces
 44830 | Orc:4    | Bought a scroll of teleportation for 39 gold pieces
 44830 | Orc:4    | Bought a scroll of enchant weapon for 97 gold pieces
 44830 | Orc:4    | Bought a scroll of recharging for 123 gold pieces
 44874 | Orc:4    | Found a roughly hewn altar of Beogh.
 44953 | Elf:1    | Entered Level 1 of the Elven Halls
 44960 | Orc:3    | Reached skill level 16 in Spellcasting
 45830 | Elf:1    | Found Macwadwewk's Distillery.
 45896 | Elf:2    | Received a gift from Sif Muna
 45896 | Elf:2    | Reached skill level 10 in Earth Magic
 46321 | Elf:1    | Found a radiant altar of Vehumet.
 46405 | Elf:1    | Found Qigh's Food Shop.
 46602 | Elf:1    | Reached skill level 10 in Fire Magic
 46681 | Elf:1    | Reached skill level 10 in Conjurations
 46827 | Elf:1    | Reached XP level 16. HP: 65/94 MP: 21/40
 46975 | Elf:1    | Got a fine dagger
 46976 | Elf:1    | Identified the +7 dagger of Bodily Humours {pain, rPois Int+2} (You took it off a deep elf knight on level 1 of the Elven Halls)
 47827 | Lair:2   | Learned a level 5 spell: Summon Forest
 48525 | Elf:2    | Found a large runed door.
 48526 | Elf:2    | Found a large runed door.
 48545 | Elf:2    | Found a large runed door.
 48546 | Elf:2    | Found a large runed door.
 50366 | Elf:2    | Received a gift from Sif Muna
 50366 | Elf:2    | Reached skill level 17 in Spellcasting
 50367 | Elf:2    | Identified Sif Muna's Handbook of Gliding Arcane Weapons (Sif Muna gifted it to you on level 2 of the Elven Halls)
 50786 | D:9      | Noticed a centaur warrior
 50788 | D:9      | Killed a centaur warrior
 50905 | Lair:2   | Learned a level 5 spell: Ignite Poison
 50975 | Snake:1  | Entered Level 1 of the Snake Pit
 51159 | Snake:1  | Got a slimy scimitar
 51160 | Snake:1  | Identified the +10 scimitar "Friess" {venom, -Cast rN+ Str+5} (You found it on level 1 of the Snake Pit)
 51274 | Snake:1  | Noticed Sonja
 51440 | Snake:1  | Killed Sonja
 53072 | Snake:2  | Slain by a salamander

Action                   |  1- 3 |  4- 6 |  7- 9 | 10-12 | 13-15 | 16-18 || total
-------------------------+-------+-------+-------+-------+-------+-------++-------
Melee: Dagger            |    10 |    22 |    14 |   378 |    99 |     1 ||   524
       Short sword       |       |       |    25 |       |       |       ||    25
 Cast: Magic Dart        |    47 |   100 |   620 |   504 |    67 |    22 ||  1360
       Call Imp          |    11 |       |     2 |     2 |       |       ||    15
       Conjure Flame     |     4 |    25 |    32 |   141 |    17 |       ||   219
       Blink             |       |     3 |    13 |    35 |     9 |     4 ||    64
       Repel Missiles    |       |     1 |     3 |     1 |       |       ||     5
       Mephitic Cloud    |       |     3 |    26 |    71 |     5 |       ||   105
       Stone Arrow       |       |       |       |    30 |       |       ||    30
       Bolt of Magma     |       |       |       |    83 |    69 |       ||   152
       Force Lance       |       |       |       |    30 |   106 |    34 ||   170
       Fireball          |       |       |       |       |   326 |    61 ||   387
       Ignite Poison     |       |       |       |       |    39 |    14 ||    53
       Iskenderun's Batt |       |       |       |       |    14 |    15 ||    29
       Iskenderun's Myst |       |       |       |       |     7 |       ||     7
       Summon Forest     |       |       |       |       |     1 |       ||     1
       Bolt of Fire      |       |       |       |       |   101 |    32 ||   133
       Lee's Rapid Decon |       |       |       |       |    50 |    45 ||    95
       Deflect Missiles  |       |       |       |       |     2 |     1 ||     3
Invok: Channel Energy    |       |       |     9 |    33 |    81 |    36 ||   159
       Forget Spell      |       |       |       |       |     2 |     2 ||     4
Evoke: Wand              |       |       |       |     2 |     2 |       ||     4
  Use: Scroll            |     4 |     2 |    11 |    17 |    11 |     3 ||    48
       Potion            |       |     1 |       |     6 |     4 |     2 ||    13
 Stab: Distracted        |     1 |       |       |       |     1 |       ||     2
       Confused          |       |       |     5 |    14 |       |       ||    19
       Sleeping          |       |       |       |     3 |       |       ||     3
  Eat: Chunk             |     2 |     5 |    23 |    46 |    61 |    12 ||   149
       Fruit             |       |     3 |     2 |     3 |     6 |       ||    14
       Beef jerky        |       |       |     1 |       |     6 |       ||     7
       Pizza             |       |       |       |       |     8 |       ||     8
       Bread ration      |       |       |       |       |       |     2 ||     2
       Royal jelly       |       |       |       |       |       |     1 ||     1
